 Dungeon Crawl Stone Soup version 0.29.1-2-gbd0b4ee654 (webtiles) character file.

Game seed: 15316113915126658796

13356 Sabo the Cleaver (level 12, -2/74 HPs)
             Began as a Gargoyle Fighter on Oct 28, 2022.
             Was a Believer of Dithmenos.
             Slain by a 17-headed hydra (3 damage)
             ... on level 13 of the Dungeon on Oct 29, 2022.
             The game lasted 01:27:48 (16949 turns).

Sabo the Cleaver (Gargoyle Fighter)                Turns: 16949, Time: 01:27:49

Health: -2/74      AC: 26    Str: 32    XL:     12   Next: 5%
Magic:  12/12      EV:  9    Int: 12    God:    Dithmenos [**....]
Gold:   187        SH: 10    Dex:  9    Spells: 8/11 levels left

rFire   + . .      SeeInvis .   L - +5 hand axe "Norag" {freeze, rC- Str+7 Int+3}
rCold   x . .      Faith    .   c - +0 buckler
rNeg    + . .      Spirit   .   K - +0 chain mail {rF+}
rPois   ∞          Reflect  +   n - +0 helmet
rElec   +          Harm     .   y - +2 cloak
rCorr   .          Rampage  .   E - +0 pair of gloves
Will    +....                   (no boots)
Stlth   ..........              a - amulet of reflection
HPRegen 0.22/turn               e - ring of flight
MPRegen 0.13/turn               D - ring of willpower

@: mighty, flying, wreathed by umbra
A: sickness immunity, AC +8, negative energy resistance 1, electricity
resistance, torment resistance 1, petrification resistance
a: Renounce Religion, Shadow Step


You were on level 13 of the Dungeon.
You worshipped Dithmenos.
Dithmenos was pleased with you.
You visited 1 branch of the dungeon, and saw 13 of its levels.

You collected 555 gold pieces.
You spent 368 gold pieces at shops.

Inventory:

Hand Weapons
 g - a +2 shortbow of flaming
 I - a +6 flail of flaming
 L - the +5 hand axe "Norag" (weapon) {freeze, rC- Str+7 Int+3}
   (You found it on level 8 of the Dungeon)

   It freezes those it strikes, dealing additional cold damage.
   It can also slow down cold-blooded creatures.
   Str:       It affects your strength (+7).
   Int:       It affects your intelligence (+3).
   rC:        It makes you vulnerable to cold.
 M - the +5 scythe "Finisher" {speed, eviscerate}
   (You found it on level 9 of the Dungeon)

   Attacks with this weapon are significantly faster.
   It may eviscerate those it strikes, slaying them instantly, with a decreasing
   chance against stronger foes.
Missiles
 l - 3 throwing nets
 t - 15 poisoned darts (quivered)
 z - 2 boomerangs
Armour
 c - a +0 buckler (worn)
 j - +1 acid dragon scales
 n - a +0 helmet (worn)
 y - a +2 cloak (worn)
 E - a +0 pair of gloves (worn)
 K - a +0 chain mail of fire resistance (worn)
 O - an orb of wrath
Jewellery
 a - an amulet of reflection (around neck)
 e - a ring of flight (left hand)
 p - a +6 ring of intelligence
 D - a ring of willpower (right hand)
 J - an amulet of the acrobat
Wands
 i - a wand of polymorph (6)
 q - a wand of flame (21)
 w - a wand of acid (12)
 G - a wand of charming (13)
 H - a wand of digging (11)
Scrolls
 k - 3 scrolls of magic mapping
 o - 7 scrolls of teleportation
 u - 5 scrolls of blinking
 x - 4 scrolls of poison
 C - 2 scrolls of silence
 N - a scroll of fear
Potions
 b - 4 potions of heal wounds
 d - 3 potions of might
 f - a potion of berserk rage {unknown}
 h - a potion of ambrosia {unknown}
 m - 5 potions of brilliance
 r - 2 potions of flight
 v - 6 potions of haste
 A - a potion of lignification {unknown}
 B - a potion of resistance {unknown}
 F - 3 potions of curing
Miscellaneous
 s - a tin of tremorstones (2/2)


   Skills:
 + Level 8.2 Fighting
 + Level 12.1 Axes
 + Level 0.6 Throwing
 + Level 10.0 Armour
 + Level 3.5 Dodging
 + Level 3.0 Stealth
 + Level 7.9 Shields
 + Level 0.4 Unarmed Combat
 + Level 1.2 Conjurations
 + Level 0.3 Evocations


You had 8 spell levels left.
You knew the following spells:

 Your Spells              Type           Power      Damage    Failure   Level
a - Foxfire               Conj/Fire      4%         2x1d4     75%         1
b - Searing Ray           Conj           6%         2d4       80%         2

Your spell library contained the following spells:

 Spells                   Type           Power      Damage    Failure   Level
 Magic Dart               Conj           12%        1d3       65%         1
 Shock                    Conj/Air       4%         1d3       75%         1
 Necrotise                Necr           0%         1d4       83%         1
 Sting                    Tmut/Pois      0%         1d3       83%         1
 Conjure Flame            Conj/Fire      1%         6-21      98%         3
 Inner Flame              Hex/Fire       0%         N/A       99%         3
 Vampiric Draining        Necr           0%         2d6       99%         3
 Flame Wave               Conj/Fire      1%         2d4       100%        4
 Fulminant Prism          Conj/Hex       0%         3d6       100%        4
 Hailstorm                Conj/Ice       1%         3d3       100%        4
 Ice Form                 Ice/Tmut       0%         N/A       100%        4
 Summon Lightning Spire   Summ/Air       0%         N/A       100%        4
 Agony                    Necr           0%         N/A       100%        5
 Fireball                 Conj/Fire      0%         3d3       100%        5
 Simulacrum               Ice/Necr       0%         N/A       100%        6
 Starburst                Conj/Fire      0%         6d3       100%        6
 Storm Form               Tmut/Air       0%         N/A       100%        7
 Ignition                 Fire           0%         3d3       100%        8
 Maxwell's Capacitive Co  Air            0%         ∞         100%        8


Dungeon Overview and Level Annotations

Branches:
Dungeon (13/15) Temple (0/1) D:7 Lair (0/5) D:8 Orc (0/2) D:9 Vaults (0/5) D:12 D:13

Altars:
Ashenzari
Dithmenos
Elyvilon
Gozag
Makhleb
Nemelex Xobeh
Okawaru
Ru
Sif Muna
Trog
Wu Jian
Xom
Yredelemnul
Zin

Shops:
D:3 *   D:5 (?(*(   D:7 (   D:10 (   D:12 *

Annotations:
D:13 Rupert


Innate Abilities, Weirdness & Mutations

You are immune to sickness and miasma.
Your stone body is resilient. (AC +8)
You are immune to poison.
You resist negative energy. (rN+)
You are resistant to electric shocks. (rElec)
You are resistant to unholy torment.
You are immune to petrification.


Message History

The 12-headed hydra grows two more!
You slash the 14-headed hydra! You freeze the 14-headed hydra!
The 14-headed hydra is severely wounded.
You hack one of the 14-headed hydra's heads off!
The 13-headed hydra grows two more!
You slice the 15-headed hydra!! You freeze the 15-headed hydra.
The 15-headed hydra is almost dead.
The 15-headed hydra misses you.
The 15-headed hydra bites you but does no damage.
The 15-headed hydra bites you.
The 15-headed hydra bites you but does no damage.
The 15-headed hydra bites you.
The 15-headed hydra bites you but does no damage. x2
You block the 15-headed hydra's attack. The 15-headed hydra closely misses you.
You block the 15-headed hydra's attack.
The 15-headed hydra bites you but does no damage.
The 15-headed hydra closely misses you.
The 15-headed hydra bites you but does no damage.
The 15-headed hydra closely misses you. The 15-headed hydra bites you.
* * * LOW HITPOINT WARNING * * *
You lop one of the 15-headed hydra's heads off!
The 14-headed hydra grows two more!
You slash the 16-headed hydra!
The 16-headed hydra seems to slow down.
You freeze the 16-headed hydra!
The 16-headed hydra is almost dead.
You lop one of the 16-headed hydra's heads off!
The 15-headed hydra grows two more!
You hit the 17-headed hydra. You freeze the 17-headed hydra.
The 17-headed hydra is almost dead.
The 17-headed hydra bites you but does no damage.
You block the 17-headed hydra's attack. x2; The 17-headed hydra bites you!
* * * LOW HITPOINT WARNING * * *
The 17-headed hydra bites you but does no damage.
You block the 17-headed hydra's attack. x2
The 17-headed hydra closely misses you.
The 17-headed hydra bites you but does no damage. x2
The 17-headed hydra closely misses you. The 17-headed hydra bites you!
* * * LOW HITPOINT WARNING * * *
The 17-headed hydra bites you but does no damage. x2
The 17-headed hydra bites you.
You die...

#..# ..........#
#..# ..........#
#..# ..........#
#..# ..........#
#..# ..........#
#..# ..........#
#..# .>........#
#..# ......D@..#
#..#
..........####..#
................#
#################


You could see a 17-headed hydra (slow).

Vanquished Creatures
  Harold (D:11)
  2 two-headed ogres
  A skeletal warrior (D:9)
  A steelbarb worm (D:12)
  Pikel (D:8)
  An orc knight (D:12)
  A deep elf pyromancer (D:12)
  An unseen horror (D:11)
  Psyche (D:8)
  4 trolls
  4 slime creatures (D:12)
  A vampire (D:10)
  8 wraiths
  3 wyverns
  3 yaks (D:11)
  A fire elemental (D:12)
  6 humans (D:12)
  2 acid dragons
  2 sky beasts
  2 orc warriors
  An ice beast (D:6)
  2 black bears
  6 centaurs
  An ogre (D:4)
  2 lemures (D:8)
  2 phantoms (D:6)
  A kobold brigand (D:10)
  5 bullfrogs
  2 necrophages
  5 scorpions
  3 wights (D:9)
  5 killer bees (D:11)
  6 howler monkeys
  3 lava snakes (D:12)
  A hound (D:4)
  3 iguanas
  2 orc priests
  4 gnoll boudas
  Jessica (D:2)
  Terence (D:2)
  6 orc wizards
  Robin (D:2)
  18 gnolls
  5 adders
  4 shadow imps
  A white imp (D:7)
  4 worms
  4 dart slugs
  32 orcs
  5 ball pythons
  4 endoplasms
  5 giant cockroaches
  7 hobgoblins
  3 jackals (D:4)
  11 kobolds
  5 quokkas
  5 bats
  3 frilled lizards (D:2)
  19 goblins
  3 rats
247 creatures vanquished.

Vanquished Creatures (others)
  A two-headed ogre (D:12)
  A troll (D:12)
  A centaur (D:12)
  2 foxfires (D:11)
5 creatures vanquished.

Grand Total: 252 creatures vanquished

Notes
Turn   | Place    | Note
-------+----------+-------------------------------------------
     0 | D:1      | Sabo the Gargoyle Fighter began the quest for the Orb.
     0 | D:1      | Reached XP level 1. HP: 14/14 MP: 1/1
   251 | D:1      | Reached XP level 2. HP: 4/19 MP: 2/2
   534 | D:1      | Reached skill level 2 in Axes
   650 | D:1      | Reached XP level 3. HP: 23/23 MP: 3/3
  1627 | D:2      | Noticed Robin
  1639 | D:2      | Reached XP level 4. HP: 19/29 MP: 4/4
  1650 | D:2      | Killed Robin
  2295 | D:2      | Found a sparkling altar of Nemelex Xobeh.
  2295 | D:2      | Noticed Jessica
  2300 | D:2      | Killed Jessica
  2301 | D:2      | Reached skill level 3 in Axes
  2325 | D:2      | Noticed Terence
  2337 | D:2      | Killed Terence
  2338 | D:2      | Reached XP level 5. HP: 19/33 MP: 5/5
  3082 | D:3      | Found a white marble altar of Elyvilon.
  3170 | D:3      | Found a basalt altar of Yredelemnul.
  3269 | D:3      | Found Tasudiw's General Store.
  3277 | D:3      | Bought a scroll of identify for 20 gold pieces
  3594 | D:3      | Found a faded altar of an unknown god.
  3719 | D:4      | Reached XP level 6. HP: 28/38 MP: 6/6
  3892 | D:4      | Reached skill level 4 in Axes
  4227 | D:4      | Reached skill level 5 in Armour
  4707 | D:5      | Entered Level 5 of the Dungeon
  4712 | D:5      | Found Limpy's Weapon Shop.
  4714 | D:5      | Found Rahegir's Assorted Antiques.
  4805 | D:5      | Noticed a sky beast
  4807 | D:5      | Found Lah Zeud's Weapon Emporium.
  4833 | D:5      | Killed a sky beast
  4834 | D:5      | Reached skill level 5 in Axes
  4834 | D:5      | Reached XP level 7. HP: 22/43 MP: 7/7
  5445 | D:5      | Found Leil's Magic Scroll Emporium.
  5450 | D:5      | Found Wyat Gou's Weapon Boutique.
  5458 | D:5      | Bought a scroll of identify for 28 gold pieces
  5481 | D:5      | Reached skill level 1 in Dodging
  5506 | D:5      | Noticed a yak
  5506 | D:5      | Noticed a vampire mosquito
  5566 | D:5      | Reached XP level 8. HP: 37/48 MP: 8/8
  5752 | D:5      | Found a shadowy altar of Dithmenos.
  5758 | D:5      | Found Wis Saho's Antique Weapon Shop.
  5815 | D:5      | Became a worshipper of Dithmenos the Shadowed
  5905 | D:6      | Reached skill level 6 in Axes
  6133 | D:6      | Reached skill level 5 in Shields
  6134 | D:6      | Reached skill level 5 in Fighting
  6553 | D:6      | Found a sacrificial altar of Ru.
  6679 | D:6      | Reached skill level 7 in Axes
  6950 | D:6      | Reached XP level 9. HP: 53/54 MP: 9/9
  7027 | D:6      | Reached * piety under Dithmenos
  7482 | D:7      | Found a staircase to the Ecumenical Temple.
  7511 | D:7      | Found an iron altar of Okawaru.
  7631 | D:7      | Found Nuommuell's Antique Weapon Shoppe.
  7825 | D:7      | Reached skill level 8 in Axes
  8280 | D:7      | Found a bloodstained altar of Trog.
  8343 | D:7      | Found a shimmering blue altar of Sif Muna.
  8787 | D:8      | Noticed Pikel
  8803 | D:8      | Killed Pikel
  8804 | D:8      | Reached skill level 9 in Axes
  8844 | D:8      | Noticed Psyche
  8856 | D:8      | Killed Psyche
  8857 | D:8      | Reached skill level 1 in Stealth
  8857 | D:8      | Reached XP level 10. HP: 26/60 MP: 10/10
  9647 | D:8      | Found a staircase to the Lair.
  9739 | D:8      | Identified the +5 hand axe "Norag" {freeze, rC- Str+7
                  | Int+3}
 10080 | D:8      | Found an ornate altar of the Wu Jian Council.
 10190 | D:8      | Found a broken altar of Ashenzari.
 10190 | D:8      | Found a shimmering altar of Xom.
 10446 | D:9      | Noticed a skeletal warrior
 10464 | D:9      | Killed a skeletal warrior
 10465 | D:9      | Reached skill level 10 in Axes
 10821 | D:9      | Found the +5 scythe "Finisher" {speed, eviscerate}
 11002 | D:9      | Found a glowing silver altar of Zin.
 11122 | D:9      | Found a staircase to the Orcish Mines.
 11133 | D:9      | Found a burning altar of Makhleb.
 11248 | D:9      | Found an opulent altar of Gozag.
 11493 | D:9      | Learned a level 1 spell: Foxfire
 11526 | D:10     | Entered Level 10 of the Dungeon
 11781 | D:10     | Found a sparkling altar of Nemelex Xobeh.
 12420 | D:10     | Found Oguneq's Weapon Emporium.
 13061 | D:11     | Reached skill level 11 in Axes
 13070 | D:11     | Reached XP level 11. HP: 56/66 MP: 11/11
 13268 | D:11     | Reached ** piety under Dithmenos
 13654 | D:11     | Learned a level 2 spell: Searing Ray
 13831 | D:11     | Noticed a two-headed ogre
 13843 | D:11     | Killed a two-headed ogre
 14238 | D:11     | Noticed Harold
 14259 | D:11     | Killed Harold
 14477 | D:12     | Noticed a deep elf pyromancer
 14501 | D:12     | Killed a deep elf pyromancer
 14707 | D:12     | Got First Steps in Willworking
 14733 | D:12     | Noticed a boulder beetle
 14733 | D:12     | Found a shimmering altar of Xom.
 14734 | D:12     | Noticed a two-headed ogre
 14748 | D:12     | Reached skill level 1 in Conjurations
 14750 | D:12     | Killed a two-headed ogre
 15167 | D:12     | Noticed a steelbarb worm
 15167 | D:12     | a boulder beetle changed into a steelbarb worm
 15181 | D:12     | Killed a steelbarb worm
 15708 | D:12     | Found Syuxi's Assorted Antiques.
 16040 | D:12     | Bought a runed orb for 240 gold pieces
 16044 | D:12     | Bought 2 scrolls of identify for 80 gold pieces
 16074 | D:12     | Noticed a two-headed ogre
 16086 | D:12     | Killed a two-headed ogre
 16525 | D:13     | Noticed Rupert
 16525 | D:13     | Noticed a centaur warrior
 16525 | D:13     | Noticed an orc knight
 16525 | D:13     | Found a gate to the Vaults.
 16526 | D:13     | Noticed a brown ugly thing
 16544 | D:12     | Reached skill level 12 in Axes
 16554 | D:12     | Reached XP level 12. HP: 27/73 MP: 12/12
 16564 | D:12     | Reached skill level 10 in Armour
 16931 | D:13     | Noticed a six-headed hydra
 16949 | D:13     | HP: 1/74 [17-headed hydra (10)]
 16949 | D:13     | Slain by a 17-headed hydra

Illustrated notes

Levels and vault maps discovered:
D:1:      minmay_arrival_stone_box, layout_loops_ring, roderic_filled_cross
D:2:      layout_basic, basic_altar, serial_bayou_pond_e, uniq_robin,
          uniq_jessica, uniq_terence
D:3:      kennysheep_the_goblin_king, layout_loops_ring, kennysheep_ying_yang,
          serial_shops, shop, chequers_ecumenical_altar_simple_redux
D:4:      layout_rooms, nrook_campfire, minivault_23, minivault_19,
          corexii_item_surrounded_by_moat
D:5:      layout_rooms, overflow_temple_1_default, serial_shops, shop,
          nicolae_stop_n_shop_2, shop, shop, shop, hex_medium,
          nicolae_take_the_stairs, minmay_tree_intersection,
          lightli_corner_chamber
D:6:      layout_loops_ring, nicolae_ru_sacrificial_ziggurat
D:7:      layout_gridville, nzn_overflow_gifts_of_might_and_magic,
          okawaru_gym_becter, minmay_temple_entry_hall, serial_shops,
          nicolae_shop_behind_doors
D:8:      layout_basic, mainiacjoe_overflow_alcove_2,
          gammafunk_temple_overflow_statue, lair_entry_dummy, uniq_psyche,
          uniq_pikel
D:9:      layout_roguey, grunt_gozag_breadcrumbs,
          mainiacjoe_overflow_small_starburst, kennysheep_mini, orc_0_dummy,
          minmay_guarded_unrand_finisher
D:10:     layout_basic, mainiacjoe_overflow_catwalk, serial_shops,
          nicolae_shop_bloodbath_and_beyond, minmay_misc_feat_pillars
D:11:     layout_roguey, uniq_harold
D:12:     layout_loops_cross, serial_shops, nicolae_inconvenience_store,
          xom_confusion_cloud
D:13:     layout_long_grid, david_vaults_3, minmay_guarded_unrand_vampires_tooth

Skill      XL: |  1  2  3  4  5  6  7  8  9 10 11 12 |
---------------+-------------------------------------+-----
Axes           | 2 3 5 7 9 11 12 | 12.1
Armour         | 4 5 6 7 8 9 10 | 10.0
Fighting       | 4 5 6 8 |  8.2
Shields        | 4 5 6 7 |  7.9
Dodging        | 1 2 3 |  3.5
Stealth        | 1 2 3 |  3.0
Conjurations   | 1 |  1.2
Throwing       | |  0.6
Unarmed Combat | |  0.4
Evocations     | |  0.3

Action                   |  1- 3 |  4- 6 |  7- 9 | 10-12 || total
-------------------------+-------+-------+-------+-------++-------
Melee: War axe           |    80 |   252 |   328 |    82 ||   742
       Unarmed           |       |       |     4 |     1 ||     5
       Hand axe          |       |       |       |   397 ||   397
Throw: Dart              |       |       |       |     6 ||     6
 Cast: Foxfire           |       |       |       |     1 ||     1
Evoke: Wand              |       |       |       |     4 ||     4
  Use: Scroll            |       |     7 |     9 |    13 ||    29
       Potion            |       |       |     1 |     4 ||     5
 Stab: Invisible         |       |       |     2 |       ||     2
       Held in net/web   |       |       |       |     2 ||     2
Armor: Scale mail        |    58 |    43 |       |       ||   101
       Chain mail        |       |   130 |   257 |   200 ||   587
       Skin              |       |       |     1 |       ||     1
       Acid dragon scale |       |       |       |    80 ||    80
Dodge: Dodged            |    60 |    77 |   149 |   193 ||   479
Block: Buckler           |    24 |    53 |    66 |   189 ||   332
       Reflection        |       |       |       |     4 ||     4
